Workbook

Sheet Hoja1
A2: CONVENIO SOLIDARIO CON LA JUNTA DE ACCIÓN COMUNAL VEREDA MONTAÑITA, PARA EL MANTENIMIENTO MECANICO DE LA VIA TERCIARIA DE ACCESO A LA VEREDA, EN LA ZONA RURAL DEL MUNICIPIO DE SANTA ROSA DE OSOS, ANTIOQUIA
A4: MANTENIMIENTO MECANICO DE UN (1) KILOMETRO DE VIAS TERCIARIAS
A6: ITEM | B6: DESCRIPCION | C6: UNIDAD | D6: CANT. | E6: V/UNITARIO | F6: V/TOTAL
A7: 1 | B7: Remocion de derrumbes. No incluye transporte ni la disposicion final de los materiales | C7: HORAS | D7: 8 | E7: 115000 | F7: 1123539.8
A8: 2 | B8: Transporte de material proveniente de derrumbes | C8: M3-KM | D8: 1 | E8: 800000 | F8: 976991.15
A9: 3 | B9: Conformacion de la calzada existente con motoniveladora. Incluye nivleacion, compactacion, limpieza y reconstruccion de cunetas y todo lo necesario para la correcta ejecucion de la actividad | C9: HORAS | D9: 8 | E9: 330000 | F9: 3224070.8
A10: 4 | B10: Suministro de material de la zona para afirmado de vias | C10: M3 | D10: 5 | E10: 200000 | F10: 1221238.9
A11: 5 | B11: Transporte de material de la zona para afirmado de vias | C11: M3 | D11: 1 | E11: 800000 | F11: 976991.15
B12: COSTOS DIRECTO | F12: =SUM(F7:F11) -> 7522831.9
B13: RETENCIONES | C13: 0.13 | F13: =F12*C13 -> 977968.14
B14: COSTO TOTAL | F14: =SUM(F12:F13) -> 8500800
A16: VIAS TERCIARIAS INTERVENIDAS | C16: KM | D16: PRECIO | E16: Pt/Vereda | F16: TOTAL
A17: Vereda Montañita | C17: 2 | D17: =F14 -> 8500800 | E17: =C17*D17 -> 17001600 | F17: =E17 -> 17001600

Sheet PRESUPUESTO
A2: CONVENIO SOLIDARIO CON LA JUNTA DE ACCIÓN COMUNAL MONTAÑITA, PARA LA ADECUACION DE LA VIAS TERCIARIAS (CAMINOS CARRETEABLES) DE ACCESO A LA VEREDA DESDE SAN ISIDRO PARTE BAJA A MONTAÑITA EN LA ZONA RURAL DEL MUNICIPIO DE SANTA ROSA DE OSOS, ANTIOQUIA
A4: ITEM | B4: DESCRIPCION | C4: UNIDAD | D4: CANT. | E4: V/UNITARIO | F4: V/TOTAL
A5: 1 | B5: Excavaciones varias en material común en seco | C5: M3 | D5: 126.17 | E5: ='EXC MAT COMUN'!H50 -> 103519.67 | F5: =D5*E5 -> 13061076
A6: 2 | B6: Conformacion de la calzada existente con motoniveladora. Incluye nivelacion, compactacion, limpieza y reconstruccion de cunetas y todo lo necesario para la correcta ejecucion de la actividad | C6: m2 | D6: 2527 | E6: ='CONFORMACION CALZADA E'!H50 -> 595.68483 | F6: =D6*E6 -> 1505295.6
A7: 3 | B7: Suministro de material de la zona para afirmado de vias | C7: M3 | D7: 107.67246 | E7: =afirmado!H50 -> 148571.35 | F7: =D7*E7 -> 15997043
B8: COSTOS DIRECTO | F8: =SUM(F5:F7) -> 30563415
B9: RETENCIONES | C9: 0.14516 | F9: =+C9*F8 -> 4436585.3
B10: COSTO TOTAL | F10: =+F8+F9 -> 35000000
C13: 0.04 | E13: 0.04
C14: 0.02 | E14: 0.02
C15: 0.01 | E15: 0.01
C16: 0.02 | E16: 0.02
C17: 0.05 | E17: 0.05
C18: 0.008 | E18: 0.008
C19: =2%*C18 -> 0.00016 | E19: 0.02
C20: 0.015 | E20: 0.015
C21: =SUM(C13:C20) -> 0.16316 | E21: =SUM(E13:E20) -> 0.183 | F21: 18.5
F22: 4.02
B23: adulto | C23: 0.04
B24: cultura | C24: 0.02
B25: justicia | C25: 0.02
B26: seguridad | C26: 0.05
B27: ica | C27: 0.008
B28: bomberil | C28: =2%*C27 -> 0.00016
B29: deportes | C29: 0.015
C30: =SUM(C23:C29) -> 0.15316
B32: CONVENIO SOLIDARIO
B33: adulto | C33: 0.04
B34: cultura | C34: 0.02
B36: seguridad | C36: 0.05
B37: ica | C37: 0.008
B38: bomberil | C38: =2%*C37 -> 0.00016
B39: deportes | C39: 0.015
C40: =SUM(C33:C39) -> 0.13316

Sheet EXC MAT COMUN
D2: ANALISIS DE PRECIOS UNITARIOS
B8: PROYECTO : Adecuacion - vias terciarias municipio de Santa Rosa de Osos Antioquia | F8: ITEM : | G8: 4
F9: DESCRIPCION : | G9: 600-4
F10: Excavaciones varias en material
F11: común en seco
F12: UNIDAD : | G12: M3
B13: I. EQUIPO
B14: Descripción | D14: Tipo | E14: Tarifa/Hora | F14: Rendimiento | G14: Valor-unit.
B16: Herramienta menor | D16: 5% MO | G16: =H48*5% -> 3259.508
B17: retroexcavadora | E17: =140000*5.01 -> 701400 | F17: 0.05 | G17: =E17*F17 -> 35070
G20: Sub-Total | H20: =+SUM(G15:G19) -> 38329.508
B23: II MATERIALES EN OBRA
B24: Descripción | D24: Unidad | E24: Precio-unit. | F24: Cantidad | G24: Valor-unit.
G32: Sub-Total | H32: =+SUM(G25:G31) -> 0
B34: III. TRANSPORTES
B35: Material | C35: Vol-Peso ó cant. | D35: Distancia | E35: M3-km | F35: Tarifa | G35: Valor-unit.
G39: Sub-Total | H39: =+SUM(G34:G38) -> 0
B41: IV. MANO DE OBRA
B42: Trabajador | C42: Jornal | D42: Prestaciones | E42: Jornal total | F42: Rendimiento | G42: Valor-unit.
B43: Oficial (1) | C43: =+'MANO DE OBRA'!D43 -> 184019.35 | D43: 0.63 | E43: =C43*1.63 -> 299951.53 | F43: 0.1 | G43: =+E43*F43 -> 29995.153
B44: Obreros ( 2 ) | C44: =+'MANO DE OBRA'!D32 -> 215920.28 | D44: 0.63 | E44: =C44*1.63 -> 351950.06 | F44: 0.1 | G44: =+E44*F44 -> 35195.006
G48: Sub-Total | H48: =+SUM(G43:G47) -> 65190.16
F50: Total Costo Directo | H50: =+H48+H39+H32+H20 -> 103519.67
B53: V. COSTOS INDIRECTOS
B54: Descripcion | F54: Pocentaje | G54: Valor total
G59: Sub-Total | H59: =+SUM(G55:G57) -> 0
E61: Precio unitario total aproximado al peso | H61: =+H59+H50 -> 103519.67

Sheet CONCRETO CICLOP 
D2: ANALISIS DE PRECIOS UNITARIOS
B8: PROYECTO : Adecuacion de vias terciarias municipio de Santa Rosa de Osos Antioquia | F8: ITEM : | G8: 7
F9: DESCRIPCION : | G9: 630-7
F10: Concreto ciclopeo Clase G
F12: UNIDAD : | G12: M3
B13: I. EQUIPO
B14: Descripción | D14: Tipo | E14: Tarifa/Hora | F14: Rendimiento | G14: Valor-unit.
B16: Herramienta menor | D16: 5% MO | G16: =H48*5% -> 12110.9
B18: Formaletas | D18: GLOBAL | G18: 50000
G20: Sub-Total | H20: =+SUM(G15:G19) -> 62110.9
B23: II MATERIALES EN OBRA
B24: Descripción | D24: Unidad | E24: Precio-unit. | F24: Cantidad | G24: Valor-unit.
B25: Piedra | D25: m3 | E25: 110000 | F25: 0.41 | G25: =+F25*E25 -> 45100
B26: gravilla | D26: m3 | E26: 215000 | F26: 0.9 | G26: =+F26*E26 -> 193500
B27: Cemento | D27: saco | E27: 41176 | F27: 4.6 | G27: =+F27*E27 -> 189409.6
B28: Agua | D28: lt | E28: 2 | F28: 210 | G28: =+F28*E28 -> 420
G30: Sub-Total | H30: =+SUM(G25:G29) -> 428429.6
B32: III. TRANSPORTES
B33: Material | C33: Vol-Peso ó cant. | D33: Distancia | E33: M3-km | F33: Tarifa | G33: Valor-unit.
B34: piedra | C34: =F25 -> 0.41 | D34: 24 | E34: =C34*D34 -> 9.84 | F34: 3500 | G34: =F34*E34 -> 34440
B35: Gravilla | C35: =F26 -> 0.9 | D35: 24 | E35: =C35*D35 -> 21.6 | F35: 2000 | G35: =F35*E35 -> 43200
B36: Cemento | C36: 1 | D36: 24 | F36: 3300 | G36: =C36*D36*F36 -> 79200
G39: Sub-Total | H39: =+SUM(G34:G38) -> 156840
B41: IV. MANO DE OBRA
B42: Trabajador | C42: Jornal | D42: Prestaciones | E42: Jornal total | F42: Rendimiento | G42: Valor-unit.
B43: Maestro | C43: 86700 | D43: 0.63 | E43: =C43*(1+D43) -> 141321 | F43: 3.5 | G43: =+E43/F43 -> 40377.429
B44: Oficial (1) | C44: 86700 | D44: 0.63 | E44: =C44*(1+D44) -> 141321 | F44: 3.5 | G44: =+E44/F44 -> 40377.429
B45: Obreros ( 8) | C45: 346700 | D45: 0.63 | E45: =C45*(1+D45) -> 565121 | F45: 3.5 | G45: =+E45/F45 -> 161463.14
G48: Sub-Total | H48: =+SUM(G43:G47) -> 242218
F50: Total Costo Directo | H50: =+H48+H39+H30+H20 -> 889598.5
B53: V. COSTOS INDIRECTOS
B54: Descripcion | F54: Pocentaje | G54: Valor total
B55: ADMINISTRACION E IMPREVISTOS | F55: 0.2 | G55: =+H50*F55 -> 177919.7
B56: UTILIDADES | F56: 0.05 | G56: =+F56*H50 -> 44479.925
B57: CONTRIBUCION ESPECIAL LEY 1106 | F57: 0.05 | G57: =+F57*H50 -> 44479.925
G59: Sub-Total | H59: =+SUM(G55:G57) -> 266879.55
E61: Precio unitario total aproximado al peso | H61: =+H59+H50 -> 1156478.1

Sheet CONCRETO REF
D2: ANALISIS DE PRECIOS UNITARIOS
B8: PROYECTO : Adecuacion de vias terciarias municipio de Santa Rosa de Osos Antioquia | F8: ITEM : | G8: 8
F9: DESCRIPCION : | G9: 630-4
F10: Concreto reforzado Clase D
F12: UNIDAD : | G12: M3
B13: I. EQUIPO
B14: Descripción | D14: Tipo | E14: Tarifa/Hora | F14: Rendimiento | G14: Valor-unit.
B16: Herramienta menor | D16: 5% MO | G16: =H50*5% -> 10597.038
B18: Formaletas | D18: GLOBAL | G18: 25000
G20: Sub-Total | H20: =+SUM(G15:G19) -> 35597.037
B23: II MATERIALES EN OBRA
B24: Descripción | D24: Unidad | E24: Precio-unit. | F24: Cantidad | G24: Valor-unit.
B26: gravilla | D26: m3 | E26: ='CONCRETO CICLOP '!E26 -> 215000 | F26: 1.45 | G26: =+F26*E26 -> 311750
B27: Cemento | D27: saco | E27: ='CONCRETO CICLOP '!E27 -> 41176 | F27: 7.5 | G27: =+F27*E27 -> 308820
B28: Agua | D28: lt | E28: 2 | F28: 210 | G28: =+F28*E28 -> 420
G30: Sub-Total | H30: =+SUM(G25:G29) -> 620990
B32: III. TRANSPORTES
B33: Material | C33: Vol-Peso ó cant. | D33: Distancia | E33: M3-km | F33: Tarifa | G33: Valor-unit.
B34: Gravilla | C34: =F26 -> 1.45 | D34: 24 | E34: =C34*D34 -> 34.8 | F34: 2000 | G34: =F34*E34 -> 69600
B35: Cemento | C35: 1 | D35: 24 | F35: 3000 | G35: =C35*D35*F35 -> 72000
G38: Sub-Total | H38: =+SUM(G34:G37) -> 141600
B43: IV. MANO DE OBRA
B44: Trabajador | C44: Jornal | D44: Prestaciones | E44: Jornal total | F44: Rendimiento | G44: Valor-unit.
B45: Maestro | C45: 86700 | D45: 0.63 | E45: =C45*(1+D45) -> 141321 | F45: 4 | G45: =+E45/F45 -> 35330.25
B46: Oficial (1) | C46: 86700 | D46: 0.63 | E46: =C46*(1+D46) -> 141321 | F46: 4 | G46: =+E46/F46 -> 35330.25
B47: Obreros ( 8) | C47: 346700 | D47: 0.63 | E47: =C47*(1+D47) -> 565121 | F47: 4 | G47: =+E47/F47 -> 141280.25
G50: Sub-Total | H50: =+SUM(G45:G49) -> 211940.75
F52: Total Costo Directo | H52: =+H50+H38+H30+H20 -> 1010127.8
B55: V. COSTOS INDIRECTOS
B56: Descripcion | F56: Pocentaje | G56: Valor total
B57: ADMINISTRACION E IMPREVISTOS | F57: 0.2 | G57: =+H52*F57 -> 202025.56
B58: UTILIDADES | F58: 0.05 | G58: =+F58*H52 -> 50506.389
B59: CONTRIBUCION ESPECIAL LEY 1106 | F59: 0.05 | G59: =+F59*H52 -> 50506.389
G61: Sub-Total | H61: =+SUM(G57:G59) -> 303038.34
E63: Precio unitario total aproximado al peso | H63: =+H61+H52 -> 1313166.1

Sheet ACERO
D2: ANALISIS DE PRECIOS UNITARIOS
B8: PROYECTO : Mantenimiento - vias terciarias municipio de Santa Rosa de Osos Antioquia | F8: ITEM : | G8: 9
F9: DESCRIPCION : | G9: 640.1
F10: Acero de refuerzo
F12: UNIDAD : | G12: M3
B13: I. EQUIPO
B14: Descripción | D14: Tipo | E14: Tarifa/Hora | F14: Rendimiento | G14: Valor-unit.
B16: Herramienta menor | D16: 0.05 | G16: =0.05*H48 -> 70.633333
G20: Sub-Total | H20: =+SUM(G15:G19) -> 70.633333
B23: II MATERIALES EN OBRA
B24: Descripción | D24: Unidad | E24: Precio-unit. | F24: Cantidad | G24: Valor-unit.
B26: Acero de refuerzo | D26: Kilo | E26: 5800 | F26: 1 | G26: =+F26*E26 -> 5800
B27: Alambre | D27: kilo | E27: 6000 | F27: 0.03 | G27: =+F27*E27 -> 180
G32: Sub-Total | H32: =+SUM(G25:G31) -> 5980
B34: III. TRANSPORTES
B35: Material | C35: Vol-Peso ó cant. | D35: Distancia | E35: M3-km | F35: Tarifa | G35: Valor-unit.
B36: Acero | C36: 1 | D36: 24 | F36: 50 | G36: =F36*D36*C36 -> 1200
G39: Sub-Total | H39: =+SUM(G36:G38) -> 1200
B41: IV. MANO DE OBRA
B42: Trabajador | C42: Jornal | D42: Prestaciones | E42: Jornal total | F42: Rendimiento | G42: Valor-unit.
B44: Oficial (1) | C44: 86700 | D44: 0.63 | E44: =+C44*(1+D44) -> 141321 | F44: 150 | G44: =+E44/F44 -> 942.14
B45: Obreros | C45: 43300 | D45: 0.63 | E45: =+C45*(1+D45) -> 70579 | F45: 150 | G45: =+E45/F45 -> 470.52667
G48: Sub-Total | H48: =+SUM(G43:G47) -> 1412.6667
F50: Total Costo Directo | H50: =+H48+H39+H32+H20 -> 8663.3
B53: V. COSTOS INDIRECTOS
B54: Descripcion | F54: Pocentaje | G54: Valor total
B55: ADMINISTRACION E IMPREVISTOS | F55: 0.2 | G55: =+H50*F55 -> 1732.66
B56: UTILIDADES | F56: 0.05 | G56: =+F56*H50 -> 433.165
B57: CONTRIBUCION ESPECIAL LEY 1106 | F57: 0.05 | G57: =+F57*H50 -> 433.165
G59: Sub-Total | H59: =+SUM(G55:G57) -> 2598.99
E61: Precio unitario total aproximado al peso | H61: =+H59+H50 -> 11262.29

Sheet TUBERIA
D2: ANALISIS DE PRECIOS UNITARIOS
B8: PROYECTO : Mantenimiento - vias terciarias municipio de Santa Rosa de Osos Antioquia | F8: ITEM :
F9: DESCRIPCION :
F10: Tuberia en NOVAFORT 600 mm
F12: UNIDAD : | G12: M3
B13: I. EQUIPO
B14: Descripción | D14: Tipo | E14: Tarifa/Hora | F14: Rendimiento | G14: Valor-unit.
B16: Herramienta menor | D16: 5% MO | G16: =0.05*H45 -> 800.05833
G20: Sub-Total | H20: =+SUM(G15:G19) -> 800.05833
B23: II MATERIALES EN OBRA
B24: Descripción | D24: Unidad | E24: Precio-unit. | F24: Cantidad | G24: Valor-unit.
B25: Tuberia novafort 24" | D25: Ml | E25: 365000 | F25: 1 | G25: 215000
B26: Concreto simple para solado de nivelacion | D26: M3 | E26: 650000 | F26: 0.03 | G26: =F26*E26 -> 19500
G30: Sub-Total | H30: =+SUM(G25:G29) -> 234500
B32: III. TRANSPORTES
B33: Material | C33: Vol-Peso ó cant. | D33: Distancia | E33: M3-km | F33: Tarifa | G33: Valor-unit.
B34: tuberia | C34: 1 | D34: 24 | F34: 3000 | G34: =D34*C34*F34 -> 72000
G37: Sub-Total | H37: =+SUM(G32:G36) -> 72000
B39: IV. MANO DE OBRA
B40: Trabajador | C40: Jornal | D40: Prestaciones | E40: Jornal total | F40: Rendimiento | G40: Valor-unit.
B41: Maestro | C41: 90000 | D41: 0.63 | E41: =+C41*(1+D41) -> 146700 | F41: 18 | G41: =+E41/F41 -> 8150
B42: Obreros ( 2 ) | C42: 86700 | D42: 0.63 | E42: =+C42*(1+D42) -> 141321 | F42: 18 | G42: =+E42/F42 -> 7851.1667
G45: Sub-Total | H45: =+SUM(G41:G44) -> 16001.167
F47: Total Costo Directo | H47: =+H45+H37+H30+H20 -> 323301.23
B50: V. COSTOS INDIRECTOS
B51: Descripcion | F51: Pocentaje | G51: Valor total
B52: ADMINISTRACION E IMPREVISTOS | F52: 0.2 | G52: =+H47*F52 -> 64660.245
B53: UTILIDADES | F53: 0.05 | G53: =+F53*H47 -> 16165.061
B54: CONTRIBUCION ESPECIAL LEY 1106 | F54: 0.05 | G54: =+F54*H47 -> 16165.061
G56: Sub-Total | H56: =+SUM(G52:G54) -> 96990.368
E58: Precio unitario total aproximado al peso | H58: =+H56+H47 -> 420291.59

Sheet RELLENO
D2: ANALISIS DE PRECIOS UNITARIOS
B8: PROYECTO : Mantenimiento - vias terciarias municipio de Santa Rosa de Osos Antioquia | F8: ITEM : | G8: 11
F9: DESCRIPCION : | G9: 610.1
F10: Rellenos compactad con material seleccionado
F11: proveniente de la excavacion- incluye acarreo inerno
F12: UNIDAD : | G12: M3
B13: I. EQUIPO
B14: Descripción | D14: Tipo | E14: Tarifa/dia | F14: Rendimiento | G14: Valor-unit.
B16: Herramienta menor | D16: 5% mo | G16: =H48*5% -> 942.14
B17: canguro | D17: dia | E17: 60000 | F17: 0.05 | G17: =E17*F17 -> 3000
G20: Sub-Total | H20: =SUM(G16:G17) -> 3942.14
B23: II MATERIALES EN OBRA
B24: Descripción | D24: Unidad | E24: Precio-unit. | F24: Cantidad | G24: Valor-unit.
G26: =+F26*E26 -> 0
G32: Sub-Total | H32: =+SUM(G25:G31) -> 0
B34: III. TRANSPORTES
B35: Material | C35: Vol-Peso ó cant. | D35: Distancia | E35: M3-km | F35: Tarifa | G35: Valor-unit.
B36: Acarreo de material | G36: 8500
G39: Sub-Total | H39: =+SUM(G34:G38) -> 8500
B41: IV. MANO DE OBRA
B42: Trabajador | C42: Jornal | D42: Prestaciones | E42: Jornal total | F42: Rendimiento | G42: Valor-unit.
B43: Oficial (1) | C43: 86700 | D43: 0.63 | E43: =C43*1.63 -> 141321 | F43: 15 | G43: =+E43/F43 -> 9421.4
B44: Obreros ( 2 ) | C44: 86700 | D44: 0.63 | E44: =C44*1.63 -> 141321 | F44: 15 | G44: =+E44/F44 -> 9421.4
G48: Sub-Total | H48: =+SUM(G43:G47) -> 18842.8
F50: Total Costo Directo | H50: =+H48+H39+H32+H20 -> 31284.94
B53: V. COSTOS INDIRECTOS
B54: Descripcion | F54: Pocentaje | G54: Valor total
G59: Sub-Total | H59: =+SUM(G55:G57) -> 0
E61: Precio unitario total aproximado al peso | H61: =+H59+H50 -> 31284.94

Sheet afirmado
D2: ANALISIS DE PRECIOS UNITARIOS
B8: PROYECTO : Mantenimiento - vias terciarias municipio de Santa Rosa de Osos Antioquia | F8: ITEM : | G8: 6
F9: DESCRIPCION : | G9: 311
F10: Afirmado
F12: UNIDAD : | G12: M3
B13: I. EQUIPO
B14: Descripción | D14: Tipo | E14: Tarifa/Hora | F14: Rendimiento | G14: Valor-unit.
B16: Herramienta menor | D16: 0.02 | G16: =H48*D16 -> 41.104906
B17: Motoniveladora | D17: Caterpillar | E17: =130000*1.05 -> 136500 | F17: 45 | G17: =+E17/F17 -> 3033.3333
B18: Cilindro | D18: Vibratorio | E18: =110000*1.05 -> 115500 | F18: 45 | G18: =+E18/F18 -> 2566.6667
G20: Sub-Total | H20: =+SUM(G15:G19) -> 5641.1049
B23: II MATERIALES EN OBRA
B24: Descripción | D24: Unidad | E24: Precio-unit. | F24: Cantidad | G24: Valor-unit.
B26: Material de afirmado | D26: m3 | E26: =90000*1.05 -> 94500 | F26: 1.25 | G26: =+F26*E26 -> 118125
G32: Sub-Total | H32: =+SUM(G25:G31) -> 118125
B34: III. TRANSPORTES
B35: Material | C35: Vol-Peso ó cant. | D35: Distancia | E35: M3-km | F35: Tarifa | G35: Valor-unit.
B36: transporte material de afirmado de la zona | D36: 10 | E36: 1.25 | F36: =1400*1.3 -> 1820 | G36: =D36*E36*F36 -> 22750
G39: Sub-Total | H39: =+SUM(G34:G38) -> 22750
B41: IV. MANO DE OBRA
B42: Trabajador | C42: Jornal | D42: Prestaciones | E42: Jornal total | F42: Rendimiento | G42: Valor-unit.
B43: oficial | C43: ='MANO DE OBRA'!D43 -> 184019.35 | D43: 0.85 | E43: =C43*1.85 -> 340435.79 | F43: 360 | G43: =E43/F43 -> 945.65497
B44: obrero (2) | C44: ='MANO DE OBRA'!D32 -> 215920.28 | D44: 0.85 | E44: =C44*1.85 -> 399452.52 | F44: 360 | G44: =E44/F44 -> 1109.5903
G48: Sub-Total | H48: =+SUM(G43:G47) -> 2055.2453
F50: Total Costo Directo | H50: =+H48+H39+H32+H20 -> 148571.35
B53: V. COSTOS INDIRECTOS
B54: Descripcion | F54: Pocentaje | G54: Valor total
G59: Sub-Total | H59: =+SUM(G55:G57) -> 0
E61: Precio unitario total aproximado al peso | H61: =+H59+H50 -> 148571.35

Sheet CONFORMACION CALZADA E
D2: ANALISIS DE PRECIOS UNITARIOS
B8: PROYECTO : Mantenimiento - vias terciarias municipio de Santa Rosa de Osos Antioquia | F8: ITEM : | G8: 6
F9: DESCRIPCION : | G9: 310.1
F10: CONFORMACIÓN DE LA CALZADA EXISTENTE
F12: UNIDAD : | G12: m2
B13: I. EQUIPO
B14: Descripción | D14: Tipo | E14: Tarifa/Hora | F14: Rendimiento | G14: Valor-unit.
B16: Herramienta menor | D16: Global | G16: 20
B17: Motoniveladora | D17: Caterpillar | E17: =130000*1.05 -> 136500 | F17: 600 | G17: =+E17/F17 -> 227.5
B18: Cilindro | D18: Vibratorio | E18: =110000*1.05 -> 115500 | F18: 600 | G18: =+E18/F18 -> 192.5
B19: Herramienta menor | F19: 0.01 | G19: =H48*F19 -> 1.541434
G20: Sub-Total | H20: =+SUM(G15:G19) -> 441.54143
B23: II MATERIALES EN OBRA
B24: Descripción | D24: Unidad | E24: Precio-unit. | F24: Cantidad | G24: Valor-unit.
G32: Sub-Total | H32: =+SUM(G25:G31) -> 0
B34: III. TRANSPORTES
B35: Material | C35: Vol-Peso ó cant. | D35: Distancia | E35: M3-km | F35: Tarifa | G35: Valor-unit.
G39: Sub-Total | H39: =+SUM(G34:G38) -> 0
B41: IV. MANO DE OBRA
B42: Trabajador | C42: Jornal | D42: Prestaciones | E42: Jornal total | F42: Rendimiento | G42: Valor-unit.
B43: oficial | C43: ='MANO DE OBRA'!D43 -> 184019.35 | D43: 0.85 | E43: =C43*1.85 -> 340435.79 | F43: 4800 | G43: =E43/F43 -> 70.924123
B44: obrero (2) | C44: ='MANO DE OBRA'!D32 -> 215920.28 | D44: 0.85 | E44: =C44*1.85 -> 399452.52 | F44: 4800 | G44: =E44/F44 -> 83.219276
G48: Sub-Total | H48: =+SUM(G43:G47) -> 154.1434
F50: Total Costo Directo | H50: =+H48+H39+H32+H20 -> 595.68483
B53: V. COSTOS INDIRECTOS
B54: Descripcion | F54: Pocentaje | G54: Valor total
G59: Sub-Total | H59: =+SUM(G55:G57) -> 0
E61: Precio unitario total aproximado al peso | H61: =+H59+H50 -> 595.68483

Sheet MANO DE OBRA
A3: MANO DE OBRA INCLUIDO FACTOR PRESTACIONAL
A6: - | B6: día | C6: Jornal SMMMLV - SMDLV 2026 | D6: =1750705/30 -> 58356.833
D7: Moneda (Pesos $)
A8: A0100130 | B8: día | C8: Armador | D8: =$D$6*E8 -> 101210.64 | E8: 1.7343409
A9: A0100150 | B9: día | C9: Ayudante | D9: =$D$6*E9 -> 107960.14 | E9: 1.85
A10: A0010010 | B10: día | C10: Cadenero | D10: =$D$6*E10 -> 119612.58 | E10: 2.0496756
A11: A0100181 | B11: día | C11: Calculista | D11: =$D$6*E11 -> 552058.04 | E11: 9.4600411
A12: A0100140 | B12: día | C12: Cortador | D12: =$D$6*E12 -> 138014.51 | E12: 2.3650103
A13: A0100010 | B13: día | C13: Cuadrilla de desmontaje (10 personas) | D13: =$D$6*E13 -> 1012106.4 | E13: 17.343409
A14: A0100180 | B14: día | C14: Cuadrilla de fabricación | D14: =$D$6*E14 -> 552058.04 | E14: 9.4600411
A15: A0041004 | B15: día | C15: Cuadrilla de Un Oficial y (2) Obreros. | D15: =$D$6*E15 -> 368038.69 | E15: 6.306694
A16: A0041006 | B16: día | C16: Cuadrilla de un oficial y (4) Obreros. | D16: =$D$6*E16 -> 552058.04 | E16: 9.4600411
A17: A0100170 | B17: día | C17: Dibujante | D17: =$D$6*E17 -> 184019.35 | E17: 3.153347
A18: A0100182 | B18: día | C18: Dibujante 2 | D18: =$D$6*E18 -> 165617.41 | E18: 2.8380123
A19: A0100120 | B19: u | C19: Estudios, análisis e informes | D19: =$D$6*E19 -> 3680386.9 | E19: 63.06694
... A67: A0040110 | B67: día | C67: Celador | D67: =$D$6*E67 -> 107960.14 | E67: 1.85
